 Dungeon Crawl Stone Soup version 0.19-a0-1654-g9d3f708 (webtiles) character file.

113 st0uf the Magician (level 4, -2/24 HPs)
             Began as a Deep Elf Summoner on Sept 20, 2016.
             Killed by divine providence
             ... invoked by an orc priest
              (11 damage)
             ... on level 3 of the Dungeon.
             The game lasted 00:23:09 (3254 turns).

st0uf the Magician (Deep Elf Summoner)              Turns: 3254, Time: 00:23:11

Health: -2/24      AC:  2    Str:  5    XL:     4   Next: 65%
Magic:  11/13      EV: 13    Int: 21    God:
Gold:   111        SH:  0    Dex: 15    Spells: 4 memorised, 2 levels left

rFire  . . .     SeeInvis .     (no weapon)
rCold  . . .     Gourm    .     a - +0 robe
rNeg   . . .     Faith    .     (no shield)
rPois  .         Spirit   .     (no helmet)
rElec  .         Dismiss  .     (no cloak)
rCorr  .         Reflect  .     (no gloves)
MR     .....     Harm     .     (no boots)
Stlth  ++........               (no amulet)
                                (no ring)
                                (no ring)

@: no status effects
A: no striking features
a: no special abilities


You were on level 3 of the Dungeon.
You were not hungry.

You visited 1 branch of the dungeon, and saw 3 of its levels.
You also visited: Sewer.

You collected 111 gold pieces.

Inventory:

Armour
 a - a +0 robe (worn)
Scrolls
 d - a scroll of amnesia {unknown}
 f - a scroll of recharging {unknown}
 h - 3 scrolls of remove curse {unknown}
 j - a scroll of immolation {unknown}
 m - 2 scrolls of enchant armour {unknown}
 r - a scroll of blinking {unknown}
 u - 2 scrolls of teleportation {unknown}
 v - 2 scrolls of fog {unknown}
 x - 3 scrolls of fear {unknown}
Potions
 e - a potion of heal wounds {unknown}
 k - a potion of degeneration {unknown}
 l - 2 potions of cure mutation {unknown}
 o - a potion of lignification {unknown}
 q - a potion of brilliance {unknown}
 s - a potion of haste {unknown}
 t - 2 potions of might {unknown}
 w - a potion of ambrosia {unknown}
Books
 b - a book of Callings

   Spells                             Type                      Level
   a - Summon Small Mammal            Summoning                    1
   b - Call Imp                       Summoning                    2
   c - Call Canine Familiar           Summoning                    3
   d - Summon Guardian Golem          Hexes/Summoning              3
   e - Summon Lightning Spire         Summoning/Air                4
   f - Summon Ice Beast               Ice/Summoning                4
Comestibles
 c - 2 bread rations
 g - 2 meat rations
 n - a slice of pizza
 p - a beef jerky


   Skills:
 + Level 0.0 Fighting
 + Level 2.4 Dodging
 - Level 2.4 Stealth
 * Level 5.3 Spellcasting
 + Level 1.3 Hexes
 * Level 5.3 Summonings
 + Level 0.0 Air Magic


You had 2 spell levels left.
You knew the following spells:

 Your Spells              Type           Power        Failure   Level  Hunger
a - Summon Small Mammal   Summ           ####         1%          1    None
b - Call Canine Familiar  Summ           ####....     3%          3    ##.....
c - Summon Guardian Gole  Hex/Summ       ###.....     10%         3    ##.....
d - Summon Lightning Spi  Summ/Air       ###.....     41%         4    ####...


Dungeon Overview and Level Annotations

Branches:
Dungeon (3/15)

Altars:
Dithmenos
Kikubaaqudgha
Trog

Annotations:
D:2 exclusion: downstairs


Message History

The bat hits your hound but does no damage.
Your hound bites the bat.
The bat dies!
You swap places.
What are your orders? t - Shout!
Orders for allies: a - Attack new target. r - Retreat! s - Stop attacking. g - Guard the area. f - Follow me.
Anything else - Cancel.
Gang up on whom?
Press: ? - help, Dir - move target cursor, f - orc priest
Aim: an orc priest, wielding a club Attack!
The orc priest calls down the wrath of Beogh upon you.
Beogh smites you!
Ouch! That really hurt!
The orc priest mumbles some strange prayers to Beogh against you.
Beogh smites you!
You die...

.[....oh........)..#..###....#
.?...###o............).......#
..........#.###......##.....##
..........#<# ##......##....##
..........######.....#......
...###....h..####..........#
.#..?...........#..#........
.....8.....................
...8.8...@...PP..P###.....
..8._.8..###......#.#.##..
...8.8...#...P......#.....
...8....#...P.#....#.....
........#....##.._.#.....
...#.##.......#....#.....
.###....###.P......#..##.
#.........P.P.#.#..##.
..(###P.P..###..###


You could see an orc priest and a friendly hound.

Vanquished Creatures (collateral kills)
  3 gnolls (D:3)
  5 adders
  A river rat (Sewer)
  5 worms
  5 leopard geckos
  2 orcs (D:3)
  6 ball pythons
  6 bats
  6 giant cockroaches
  13 goblins
  9 hobgoblins
  4 jackals (D:2)
  9 kobolds
  2 quokkas (D:3)
  9 frilled lizards
  7 rats
92 creatures vanquished.

Notes
Turn   | Place    | Note
-------+----------+-------------------------------------------
     0 | D:1      | st0uf the Deep Elf Summoner began the quest for the Orb.
     0 | D:1      | Reached XP level 1. HP: 10/10 MP: 6/6
   440 | D:1      | Reached XP level 2. HP: 9/15 MP: 4/8
  1298 | D:2      | Found a shadowy altar of Dithmenos.
  1611 | D:2      | Reached XP level 3. HP: 19/19 MP: 5/10
  1619 | D:2      | Learned a level 3 spell: Call Canine Familiar
  1623 | D:2      | Learned a level 3 spell: Summon Guardian Golem
  1785 | D:2      | Found a bloodstained altar of Trog.
  2076 | D:3      | Reached skill level 5 in Summonings
  2083 | D:3      | Reached skill level 1 in Hexes
  2083 | D:3      | Reached XP level 4. HP: 24/24 MP: 7/12
  2197 | D:3      | Found a glowing drain.
  2225 | D:3      | Reached skill level 5 in Spellcasting
  2251 | Sewer    | Entered a sewer
  2773 | D:3      | Found an ancient bone altar of Kikubaaqudgha.
  2835 | D:3      | Learned a level 4 spell: Summon Lightning Spire
  2952 | D:3      | Found a faded altar of an unknown god.
  3254 | D:3      | Killed from afar by an orc priest

Vault maps used:
D:1:      moated_graveyard_arrival
D:2:      old_standard_altar, grunt_dithmenos_smoke_and_mirrors
D:3:      kiku_gazebo_garden_becter, ecumenical_altar_2, gup_sewer_entry_pipe
Sewer:    sewer_co_cracked_pipes

Skill      XL: |  1  2  3  4 |
---------------+-------------+-----
Spellcasting   | 4 5 |  5.3
Summonings     | 5 |  5.3
Hexes          | 1 |  1.3
Dodging        | |  2.4
Stealth        | |  2.4

Action                   |  1- 3 |  4- 6 || total
-------------------------+-------+-------++-------
Melee: Unarmed           |     4 |     1 ||     5
 Cast: Summon Small Mamm |    80 |    13 ||    93
       Call Canine Famil |     7 |    13 ||    20
       Summon Guardian G |     1 |     1 ||     2
  Eat: Chunk             |     4 |     4 ||     8
Armor: Robe              |     1 |       ||     1
Dodge: Dodged            |    15 |     3 ||    18
